 Dungeon Crawl Stone Soup version 0.25-a0-589-g1e14c549ee (webtiles) character file.

Game seed: 5159313413160579175, levelgen mode: deterministic

21351 m0rth the Basher (level 12, -9/169 HPs)
             Began as a Minotaur Berserker on Mar 6, 2020.
             Was an Elder of Trog.
             Mangled by a death knight
             ... wielding a +0 battleaxe
              (10 damage)
             ... on level 15 of the Dungeon on Mar 9, 2020.
             The game lasted 01:32:36 (15001 turns).

m0rth the Basher (Minotaur Berserker)              Turns: 15001, Time: 01:32:37

Health: -9/169     AC: 17    Str: 27    XL:     12   Next: 53%
Magic:  11/11      EV: 12    Int:  2    God:    Trog [****..]
Gold:   772        SH:  0    Dex: 10    Spells: 11/11 levels left

rFire    x . .     SeeInvis +   a - +8 mace of Impext {venom, rPois rN+ Int-2 SInv}
rCold    + . .     Gourm    +   (no shield)
rNeg     + . .     Faith    .   H - +0 plate armour
rPois    +         Spirit   .   (helmet restricted)
rElec    .         Reflect  .   (no cloak)
rCorr    .         Harm     .   (no gloves)
MR       .....                  m - +0 pair of boots
Stlth    ..........             k - amulet of the gourmand
HPRegen  0.38/turn              n - ring of ice
MPRegen  0.12/turn              g - ring of stealth

@: berserking (expiring), vulnerable, very quick
A: retaliatory headbutt, horns 2
a: Berserk, Trog's Hand, Brothers in Arms, Renounce Religion


You were on level 15 of the Dungeon.
You worshipped Trog.
Trog was greatly pleased with you.
You were hungry.

You visited 2 branches of the dungeon, and saw 15 of its levels.

You collected 772 gold pieces.

Inventory:

Hand Weapons
 a - the +8 mace of Impext (weapon) {venom, rPois rN+ Int-2 SInv}
   (You found it on level 4 of the Dungeon)

   It poisons the flesh of those it strikes.
   It affects your intelligence (-2).
   It protects you from poison.
   It protects you from negative energy.
   It lets you see invisible.
 b - a +5 dire flail of flaming
 y - a +3 spear of freezing
 B - a -1 broad axe
 D - a +2 great mace
 K - a +2 vorpal dire flail
Missiles
 f - 489 stones (quivered)
Armour
 m - a +0 pair of boots (worn)
 H - a +0 plate armour (worn)
Jewellery
 g - a ring of stealth (right hand)
 h - a +3 ring of dexterity
 i - an uncursed ring of teleportation
 k - an amulet of the gourmand (around neck)
 n - a ring of ice (left hand)
Wands
 L - a wand of random effects (21)
Scrolls
 d - 10 scrolls of remove curse
 j - a scroll of magic mapping
 r - a scroll of teleportation
 t - 2 scrolls of blinking
 u - 5 scrolls of identify
 v - a scroll of noise
 w - a scroll of fog
 A - a scroll of enchant weapon {unknown}
 C - a scroll of amnesia {unknown}
 E - a scroll of immolation {unknown}
 G - a scroll of torment {unknown}
 J - a scroll of fear
Potions
 e - a potion of lignification {unknown}
 l - a potion of stabbing {unknown}
 o - a potion of berserk rage {unknown}
 p - a potion of brilliance
 q - a potion of cancellation {unknown}
 s - 3 potions of curing
 z - a potion of flight {unknown}
 F - a potion of ambrosia {unknown}
Comestibles
 c - 11 rations


   Skills:
 + Level 12.6 Fighting
 + Level 13.3 Maces & Flails
 + Level 12.4 Armour
 + Level 11.5 Dodging


You had 11 spell levels left.
You didn't know any spells.
Your spell library was empty.

Dungeon Overview and Level Annotations

Branches:
Dungeon (15/15)            Temple (0/1) D:4          Depths (1/5) D:15
   Lair: D:8-11         Orc: D:9-12      Vaults: D:13-14

Altars:
Qazlal
Wu Jian


Innate Abilities, Weirdness & Mutations

You reflexively headbutt those who attack you in melee.
You have a pair of horns on your head.


Message History

You headbutt the phantasmal warrior.
The phantasmal warrior blinks!
The freezing wraith closely misses you. The freezing wraith hits you.
* * * LOW HITPOINT WARNING * * *
You climb downwards.
There is a stone staircase leading up here.
Unknown command.
You sock the freezing wraith!
The freezing wraith is lightly damaged.
You feel yourself speed up. The phantasmal warrior hits you!
* * * LOW HITPOINT WARNING * * *
You bludgeon the freezing wraith!!
The freezing wraith is almost destroyed.
The phantasmal warrior misses you. You furiously retaliate!
You headbutt the phantasmal warrior! The freezing wraith closely misses you.
You furiously retaliate!
You headbutt the freezing wraith!
You destroy the freezing wraith!
Trog accepts your kill.
The death knight hits you with a +0 battleaxe!
You die...

#.............# #.
#.###########.# #. #.# #.#
#. ####.###### #.###.
########.......<.# #.....
#...........####.# #.....
#.######.#######.# #.###.
#.#####...##W..#.# #.# #.
#<........W@...#.## #.# ##
#.........##p.....# #.# #
#.........######..#####.####
#.......#....# #.........)..
#.........##.# ##.#####.####
#........###.# #.#####.#
#...)........# #....##.#
#.#(.(######.# ####.##.#
#.#((######..# #.##.#


You could see a death knight and 2 phantasmal warriors.

Vanquished Creatures
  2 fire dragons (D:15)
  An ettin (Depths:1)
  Harold (D:8)
  A centaur warrior (D:15)
  A death knight (D:12)
  6 two-headed ogres
  A tengu warrior (D:12)
  A skeletal warrior (D:14)
  The ghost of zikan the Covert, a novice DECj of Dithmenos (D:9)
  An unseen horror (D:12)
  A cyclops (D:15)
  A manticore (D:13)
  A deep elf mage (D:12)
  A black mamba (shapeshifter) (D:15)
  A gargoyle (D:15)
  Maggie (D:7)
  A freezing wraith (D:15)
  A redback zombie (D:13)
  4 trolls
  A queen bee (D:8)
  2 hippogriffs
  A vampire (D:15)
  3 yaks (D:6)
  A steam dragon (D:10)
  3 vampire mosquitoes (D:12)
  An acid dragon (D:12)
  Duvessa (D:5)
  3 sky beasts
  4 orc warriors
  2 black bears (D:10)
  7 ogres
  3 ice beasts
  2 phantoms
  7 centaurs
  An eye of draining (D:12)
  A crocodile (D:8)
  8 bullfrogs
  2 gnoll sergeants
  A wyvern zombie (D:13)
  Dowan (D:5)
  A scorpion (D:12)
  19 killer bees
  4 howler monkeys
  5 crimson imps
  A bullfrog zombie (D:8)
  A centaur zombie (D:6)
  7 hounds
  A quasit (D:9)
  2 jellies
  4 gnoll shamans (D:5)
  3 orc priests
  An iguana (D:8)
  A centaur skeleton (D:3)
  6 orc wizards
  5 worker ants
  32 gnolls
  15 adders
  A shadow imp (D:3)
  An ooze (D:1)
  An adder skeleton (D:6)
  3 adder zombies
  3 worms (D:3)
  4 dart slugs
  4 leopard geckos
  33 orcs
  2 ball pythons
  A bat skeleton (D:2)
  5 giant cockroaches
  11 goblins
  8 hobgoblins
  25 jackals
  4 quokkas
  3 bats
  7 frilled lizards
  A giant cockroach zombie (D:2)
  13 kobolds
  2 leopard gecko zombies (D:2)
  A quokka skeleton (D:6)
  A quokka zombie (D:5)
  10 rats
  A plant (D:5)
  A withered plant (D:2)
337 creatures vanquished.

Vanquished Creatures (others)
  A bullfrog (D:15)
1 creature vanquished.

Grand Total: 338 creatures vanquished

Notes
Turn   | Place    | Note
-------+----------+-------------------------------------------
     0 | D:1      | m0rth the Minotaur Berserker began the quest for the Orb.
     0 | D:1      | Reached XP level 1. HP: 19/19 MP: 0/0
    42 | D:1      | Reached XP level 2. HP: 22/27 MP: 1/1
   178 | D:1      | Reached skill level 4 in Maces & Flails
  1345 | D:2      | Reached XP level 3. HP: 29/33 MP: 2/2
  1353 | D:2      | Reached ** piety under Trog
  1720 | D:2      | Reached XP level 4. HP: 40/40 MP: 3/3
  2232 | D:3      | Reached skill level 5 in Maces & Flails
  2849 | D:3      | Found a stormy altar of Qazlal.
  2850 | D:3      | Noticed a fire elemental
  2857 | D:3      | Noticed an earth elemental
  2857 | D:3      | Noticed an air elemental
  2857 | D:3      | Noticed a water elemental
  3025 | D:3      | Reached XP level 5. HP: 44/47 MP: 4/4
  3194 | D:3      | Reached *** piety under Trog
  3743 | D:4      | Reached XP level 6. HP: 52/55 MP: 5/5
  3779 | D:4      | Found a staircase to the Ecumenical Temple.
  3790 | D:4      | Reached skill level 5 in Fighting
  3868 | D:4      | Reached skill level 6 in Maces & Flails
  3962 | D:4      | Got a bone mace
  3962 | D:4      | Identified the +8 mace of Impext {venom, rPois rN+ Int-2
                  | SInv} (You found it on level 4 of the Dungeon)
  4453 | D:5      | Entered Level 5 of the Dungeon
  4453 | D:5      | Noticed Duvessa
  4456 | D:5      | Noticed Dowan
  4458 | D:5      | Upgraded the game from 0.25-a0-578-gc91f01c39c to
                  | 0.25-a0-589-g1e14c549ee
  4482 | D:5      | Killed Dowan
  4484 | D:5      | Killed Duvessa
  4550 | D:5      | Reached XP level 7. HP: 59/61 MP: 6/6
  4711 | D:5      | Reached skill level 7 in Maces & Flails
  5192 | D:5      | Reached skill level 5 in Armour
  5239 | D:5      | Reached **** piety under Trog
  5519 | D:5      | Reached skill level 5 in Dodging
  5573 | D:5      | Reached XP level 8. HP: 70/70 MP: 7/7
  5583 | D:5      | Reached skill level 8 in Maces & Flails
  6498 | D:6      | Reached skill level 9 in Maces & Flails
  6498 | D:6      | Reached XP level 9. HP: 60/79 MP: 8/8
  6685 | D:6      | Reached ***** piety under Trog
  6685 | D:6      | Received a gift from Trog
  6757 | D:6      | Found an ornate altar of the Wu Jian Council.
  7380 | D:7      | Noticed Maggie
  7388 | D:7      | Killed Maggie
  7763 | D:8      | Noticed Harold
  7776 | D:8      | Killed Harold
  7776 | D:8      | Reached skill level 10 in Maces & Flails
  8004 | D:8      | Noticed a troll
  8015 | D:8      | Killed a troll
  8015 | D:8      | Reached XP level 10. HP: 91/91 MP: 9/9
  9092 | D:9      | Found a runed translucent gate.
  9092 | D:9      | Found a runed translucent gate.
  9092 | D:9      | Found a runed translucent gate.
  9096 | D:9      | Received a gift from Trog
  9350 | D:9      | Noticed zikan's ghost (novice DECj)
  9442 | D:9      | Killed zikan's ghost
  9442 | D:9      | Reached skill level 10 in Fighting
  9442 | D:9      | Reached skill level 11 in Maces & Flails
  9931 | D:9      | Noticed a two-headed ogre
  9942 | D:9      | Killed a two-headed ogre
  9942 | D:9      | Reached skill level 10 in Armour
 10037 | D:9      | Noticed a two-headed ogre
 10162 | D:9      | Killed a two-headed ogre
 10162 | D:9      | Reached XP level 11. HP: 40/101 MP: 10/10
 10459 | D:10     | Entered Level 10 of the Dungeon
 11043 | D:10     | You fall into a shaft and drop 2 floors!
 11050 | D:12     | Received a gift from Trog
 11073 | D:12     | Noticed a deep elf mage
 11088 | D:12     | Noticed an unseen horror
 11093 | D:12     | Killed a deep elf mage
 11112 | D:12     | Killed an unseen horror
 11166 | D:12     | Reached skill level 10 in Dodging
 11205 | D:12     | Reached skill level 12 in Maces & Flails
 11436 | D:12     | Noticed a two-headed ogre
 11448 | D:12     | Killed a two-headed ogre
 11520 | D:12     | Noticed a two-headed ogre
 11530 | D:12     | Killed a two-headed ogre
 11841 | D:12     | Noticed a death knight
 11858 | D:12     | Killed a death knight
 12152 | D:12     | Noticed a tengu warrior
 12164 | D:12     | Killed a tengu warrior
 13189 | D:13     | Noticed a two-headed ogre
 13199 | D:13     | Killed a two-headed ogre
 13199 | D:13     | Reached XP level 12. HP: 85/112 MP: 11/11
 13238 | D:13     | You fall into a shaft and drop 2 floors!
 13238 | D:15     | Entered Level 15 of the Dungeon
 13244 | D:15     | Noticed a fire dragon
 13245 | D:15     | Noticed a fire dragon
 13257 | D:15     | Noticed a two-headed ogre
 13266 | D:15     | Killed a two-headed ogre
 13275 | D:15     | Killed a fire dragon
 13281 | D:15     | Killed a fire dragon
 13541 | D:15     | Found a staircase to the Depths.
 13576 | Depths:1 | Entered Level 1 of the Depths
 13576 | Depths:1 | Noticed an ettin
 13581 | Depths:1 | Killed an ettin
 13581 | Depths:1 | Reached skill level 13 in Maces & Flails
 13583 | Depths:1 | Noticed a fire dragon
 13912 | D:15     | Noticed a centaur warrior
 13926 | D:15     | Killed a centaur warrior
 13951 | D:15     | Received a gift from Trog
 14989 | D:14     | Noticed a death knight
 14989 | D:14     | Noticed a death knight
 15000 | D:15     | HP: 1/169 [phantasmal warrior[a death knight] (13)]
 15001 | D:15     | Mangled by a death knight

Levels and vault maps discovered:
D:1:      minmay_arrival_stone_box, layout_basic
D:2:      layout_basic, serial_undead, serial_undead_f, serial_undead_b,
          serial_undead_b, serial_undead_e
D:3:      layout_rooms, first_ration, dk_noncrumbling_3,
          nicolae_qazlal_style_of_elements
D:4:      layout_basic, minmay_temple_entry_trees
D:5:      lemuel_castle_with_subvaults [lemuel_castle_interior_carwin_2],
          layout_loops_ring, uniq_duvessa
D:6:      layout_rooms, nicolae_overflow_crystal_walls, moated_statue
D:7:      layout_cave_pools, lemuel_old_faithful, uniq_maggie
D:8:      layout_loops_ring, grunt_ministairs_9, david_nohive_1, uniq_harold
D:9:      layout_basic, gammafunk_ghost_split
D:10:     layout_cave_pools
D:12:     layout_cave_pools, st_stairs_13
D:13:     layout_basic, david_vaults_1, kennysheep_just_a_vault
D:14:     minmay_goldmine, layout_basic, lemuel_blue_sif_altar,
          minmay_misc_feat_five, interstate_on_off
D:15:     grunt_enter_depths_hoard, layout_loops_ring, corexii_leaking_fountain
Depths:1: layout_gridlike, abyss_entry,
          hangedman_abyss_or_decor_jellyfish_corner, grunt_metal_band,
          corexii_corridor_pit, horrible_house_mu, serial_bayou_shore_b,
          minmay_shop_star

Skill      XL: |  1  2  3  4  5  6  7  8  9 10 11 12 |
---------------+-------------------------------------+-----
Maces & Flails | 4 5 6 7 9 10 11 12 13 | 13.3
Fighting       | 4 5 6 7 9 10 11 12 | 12.6
Armour         | 3 4 5 7 8 10 11 12 | 12.4
Dodging        | 3 4 5 6 7 9 10 11 | 11.5

Action                   |  1- 3 |  4- 6 |  7- 9 | 10-12 || total
-------------------------+-------+-------+-------+-------++-------
Melee: Mace              |   106 |    88 |   246 |   408 ||   848
       Headbutt          |    18 |    30 |    36 |    97 ||   181
       Flail             |       |    75 |       |       ||    75
Throw: Stone             |       |    28 |     4 |       ||    32
Invok: Berserk           |       |     2 |     4 |     8 ||    14
       Trog's Hand       |       |       |     1 |     3 ||     4
Evoke: Wand              |       |       |       |     2 ||     2
  Use: Scroll            |     1 |       |     8 |     5 ||    14
       Potion            |       |     1 |     1 |     5 ||     7
 Stab: Sleeping          |     3 |       |       |       ||     3
  Eat: Chunk             |     2 |    10 |     4 |     8 ||    24
       Ration            |       |     1 |     3 |     6 ||    10
Armor: Animal skin       |    10 |       |       |       ||    10
       Ring mail         |    13 |    20 |       |       ||    33
       Scale mail        |       |    52 |       |       ||    52
       Chain mail        |       |     9 |   107 |       ||   116
       Plate armour      |       |       |     5 |   267 ||   272
Dodge: Dodged            |    67 |    86 |   132 |   269 ||   554

Table legend:
 A = Non-vault XP
 B = Vault XP
 C = Vault XP percentage of total XP
 D = Non-vault monster count
 E = Vault monster count
 F = Vault count percentage of total count
                 A         B        C        D         E       F
            +---------+---------+-------+---------+---------+-------
      Total |   22861 |    7641 |  25.1 |     252 |      84 |  25.0
            +---------+---------+-------+---------+---------+-------
        D:1 |      35 |       0 |   0.0 |      21 |       0 |   0.0
        D:2 |      79 |      16 |  16.8 |      26 |       6 |  18.8
        D:3 |     141 |       0 |   0.0 |      33 |       0 |   0.0
        D:4 |     237 |       0 |   0.0 |      16 |       0 |   0.0
        D:5 |     298 |     893 |  75.0 |       9 |      53 |  85.5
        D:6 |    1770 |       0 |   0.0 |      23 |       0 |   0.0
        D:7 |     326 |     389 |  54.4 |       5 |       1 |  16.7
        D:8 |     872 |    2150 |  71.1 |      19 |      16 |  45.7
        D:9 |    2984 |    1154 |  27.9 |      22 |       5 |  18.5
       D:10 |    1259 |       0 |   0.0 |      22 |       0 |   0.0
       D:12 |    6011 |     907 |  13.1 |      22 |       1 |   4.3
       D:13 |    2623 |       0 |   0.0 |      17 |       0 |   0.0
       D:14 |     771 |       0 |   0.0 |       1 |       0 |   0.0
       D:15 |    4373 |    2132 |  32.8 |      15 |       2 |  11.8
   Depths:1 |    1082 |       0 |   0.0 |       1 |       0 |   0.0
            +---------+---------+-------+---------+---------+-------
